 Dungeon Crawl Stone Soup version 0.28.0 (webtiles) character file.

Game seed: 5280871954371456031

4 sanka the Magician (level 1, 9/9 HPs)
             Began as a Deep Elf Transmuter on Feb 8, 2022.
             Was a Follower of Hepliaklqana.
             Quit the game on level 1 of the Dungeon.
             The game lasted 00:00:27 (128 turns).

sanka the Magician (Deep Elf Transmuter)             Turns: 128, Time: 00:00:28

Health: 9/9        AC:  3    Str:  7    XL:     1   Next: 50%
Magic:  7/7        EV: 12    Int: 17    God:    Hepliaklqana [*.....]
Gold:   41         SH:  0    Dex: 15    Spells: 6/7 levels left

rFire   . . .      SeeInvis .     - Unarmed
rCold   . . .      Faith    .   (no shield)
rNeg    . . .      Spirit   .   a - +0 robe
rPois   .          Reflect  .   (no helmet)
rElec   .          Harm     .   c - +0 cloak
rCorr   .          Rampage  .   (no gloves)
Will    .....                   (no boots)
Stlth   +.........              (no amulet)
HPRegen 0.03/turn               (no ring)
MPRegen 0.10/turn               (no ring)

@: no status effects
A: reduced essence
a: Renounce Religion, Recall Ancestor, Ancestor Identity


You were on level 1 of the Dungeon.
You worshipped Hepliaklqana.
Hepliaklqana was aware of your devotion.
You visited 1 branch of the dungeon, and saw 1 of its levels.

You collected 41 gold pieces.

Inventory:

Armour
 a - a +0 robe (worn)
 c - a +0 cloak (worn)
Scrolls
 b - a scroll of torment {unknown}
 d - a scroll of amnesia {unknown}


   Skills:
 - Level 0.7 Fighting
 - Level 2.4 Dodging
 - Level 2.4 Unarmed Combat
 + Level 3.5 Spellcasting
 - Level 2.1 Transmutations


You had 6 spell levels left.
You knew the following spells:

 Your Spells              Type           Power      Damage    Failure   Level
a - Beastly Appendage     Tmut           20%        N/A       7%          1

Your spell library contained the following spells:

 Spells                   Type           Power      Damage    Failure   Level
 Wereblood                Tmut           10%        N/A       11%         2
 Spider Form              Tmut/Pois      6%         N/A       32%         3
 Ice Form                 Ice/Tmut       6%         N/A       71%         4


Dungeon Overview and Level Annotations

Branches:
Dungeon (1/15)

Altars:
Hepliaklqana


Message History

Unknown command.
Found 4 curare-tipped darts.
You now have 41 gold pieces (gained 14).
You open the door.
You see here 4 curare-tipped darts.
There is an open door here.
You open the door.
A hobgoblin comes into view.
Found a scroll labelled HOZEYNW COWK.
Found a faded altar of an unknown god.
Found a stone staircase leading down.
The hobgoblin shouts!
A quokka comes into view.
You grow a pair of large bovine horns.
Your feet morph into talons.
You completely miss the hobgoblin. You claw the hobgoblin.
The hobgoblin is severely wounded.
The hobgoblin hits you but does no damage.
You hit the hobgoblin.
You kill the hobgoblin!
You closely miss the quokka. Your kick misses the quokka.
Your headbutt misses the quokka. The quokka completely misses you.
You closely miss the quokka. You headbutt the quokka.
You kill the quokka!
You open the large door.
Your transformation is almost over.
There is a large open door here.
Your horns disappear.
Your talons disappear.
There is a large open door here.
There is an open door here.
d - a scroll labelled HOZEYNW COWK A dart slug comes into view.
There is a faded altar of an unknown god here.
You cannot tell which god this altar belongs to.
Convert to them anyway?
Hepliaklqana accepts your prayer! Hepliaklqana welcomes you!
Hepliaklqana forms a fragment of your life essence into the memory of your ancestor, Vusi!
You can now recall your ancestor.
You can now remember your ancestor's identity.
Unknown command.
Press < or > to pray at altars.
Are you sure you want to abandon this character and quit the game? (Confirm with "yes".)

.......##...##..#....##
.......##...##........##
......##.8.##..#......##
.....####'##..####....##
................w#[.....
..............#.........
.......R......#.........
..............#.........
.....#@>....##.........
.......................#
##....#.##.#.##..###....
###....##.#.# .## ##...
............ .#
................
.................
..##..............
#..............


You could see the friendly Vusi the ancestor.

Vanquished Creatures
  A goblin (D:1)
  A hobgoblin (D:1)
  A quokka (D:1)
3 creatures vanquished.

Notes
Turn   | Place    | Note
-------+----------+-------------------------------------------
     0 | D:1      | sanka the Deep Elf Transmuter began the quest for the Orb.
     0 | D:1      | Reached XP level 1. HP: 11/11 MP: 6/6
    82 | D:1      | Found a faded altar of an unknown god.
   127 | D:1      | Prayed at the altar of an unknown god.
   127 | D:1      | Became a worshipper of Hepliaklqana the Forgotten
   127 | D:1      | Reached * piety under Hepliaklqana
   128 | D:1      | Quit the game

Illustrated notes

Levels and vault maps discovered:
D:1:      dpeg_arrival_lava_altar, layout_rooms, basic_ecumenical_altar,
          grunt_decor_arrowhead, nrook_uturn

Action                   || total
-------------------------++-------
Melee: Unarmed           ||     6
       Kick              ||     2
       Headbutt          ||     1
 Cast: Beastly Appendage ||     2
Armor: Robe              ||     1
Dodge: Dodged            ||     1
